 Dungeon Crawl Stone Soup version 0.28.0-53-g5a82cb258f (webtiles) character file.

Game seed: 13559241401639226055

30 ChickenMitten the Shield-Bearer (level 3, -6/29 HPs)
             Began as a Formicid Fighter on Aug 6, 2022.
             Mangled by an efreet
             ... wielding a +3 scimitar of flaming
              (22 damage)
             ... on level 1 of the Abyss.
             The game lasted 00:01:26 (847 turns).

ChickenMitten the Shield-Bearer (Formicid Fighter)   Turns: 847, Time: 00:01:26

Health: -6/29      AC:  6    Str: 22    XL:     3   Next: 37%
Magic:  3/3        EV:  9    Int:  7    God:
Gold:   10         SH:  4    Dex: 10    Spells: 2/2 levels left

rFire   . . .      SeeInvis +   a - +0 war axe
rCold   . . .      Faith    .   c - +0 buckler
rNeg    . . .      Spirit   .   b - +0 scale mail
rPois   .          Reflect  .   (helmet unavailable)
rElec   .          Harm     .   (no cloak)
rCorr   .          Rampage  .   (no gloves)
Will    .....                   (no boots)
Stlth   ..........              (no amulet)
HPRegen 0.09/turn               (no ring)
MPRegen 0.08/turn               (no ring)

@: no status effects
A: permanent stasis, dig shafts and tunnels, antennae 3, four strong arms
a: Dig, Shaft Self


You were on level 1 of the Abyss.
You visited 1 branch of the dungeon, and saw 1 of its levels.
You visited the Abyss 1 time.

You collected 10 gold pieces.

Inventory:

Hand Weapons
 a - a +0 war axe (weapon)
Armour
 b - a +0 scale mail (worn)
 c - a +0 buckler (worn)
Scrolls
 e - a scroll of blinking {unknown}
 g - a scroll of teleportation {unknown}
 h - 2 scrolls of identify {unknown}
Potions
 d - a potion of might
 f - a potion of haste {unknown}


   Skills:
 * Level 3.6 Fighting
 * Level 2.5 Axes
 * Level 3.6 Armour
 * Level 4.0 Shields


You had 2 spell levels left.
You didn't know any spells.
Your spell library was empty.

Dungeon Overview and Level Annotations

Branches:
Dungeon (1/15)

Altars:
Lugonu


Innate Abilities, Weirdness & Mutations

You cannot be hasted, slowed, berserked, paralysed or teleported.
You can dig through walls and to a lower floor.
You have a pair of large antennae on your head. (SInv)
Your four strong arms can wield two-handed weapons with a shield.


Message History

No target in view!
No target in view!
No target in view!
No target in view!
No target in view!
No target in view!
No target in view!
No target in view!
No target in view!
No target in view!
A gnoll comes into view. It is wielding a +0 spear.
The gnoll shouts!
A gnoll is nearby!
A gnoll is nearby!
A gnoll is nearby!
The gnoll hits you with a +0 spear.
You hit the gnoll but do no damage. The gnoll hits you with a +0 spear.
The gnoll barely misses you.
You slash the gnoll!
The gnoll is severely wounded.
The gnoll hits you with a +0 spear.
You barely miss the gnoll.
The gnoll is severely wounded.
The gnoll closely misses you. The gnoll hits you but does no damage.
You barely miss the gnoll.
The gnoll is severely wounded.
The gnoll hits you with a +0 spear. Lugonu draws you home!
Lugonu sends minions to punish you.
A small abomination comes into view.
You hit the gnoll.
The gnoll is almost dead.
You are cast into the Abyss!
To return, you must find a gate leading back.
Killing monsters will force the Abyss to allow you passage.
This branch contains the abyssal rune of Zot.
Beware, you cannot shaft yourself on this level.
You barely miss the efreet.
The efreet hits you with a +3 scimitar of flaming!!
Ouch! That really hurt!
You die...

.###...... ..#......
.... .............
.. ............# . .
........##..# ..#
#.....##..##..##..
##................
#....@R...........
......#........#....
......#.#........#
.................#
..#.....#....#...# .
##..#..........#
#.....#. ....#.#
.......#..#...# ...
#.....#.#....#


You could see an efreet.

Vanquished Creatures
  A dart slug (D:1)
  A bat (D:1)
  4 endoplasms (D:1)
  3 giant cockroaches (D:1)
  3 hobgoblins (D:1)
  3 jackals (D:1)
  2 quokkas (D:1)
  2 frilled lizards (D:1)
  A goblin (D:1)
  A kobold (D:1)
  4 rats (D:1)
25 creatures vanquished.

Notes
Turn   | Place    | Note
-------+----------+-------------------------------------------
     0 | D:1      | ChickenMitten the Formicid Fighter began the quest for the
                  | Orb.
     0 | D:1      | Reached XP level 1. HP: 18/18 MP: 1/1
   202 | D:1      | Reached XP level 2. HP: 19/24 MP: 2/2
   335 | D:1      | Found a faded altar of an unknown god.
   399 | D:1      | Prayed at the altar of an unknown god.
   399 | D:1      | Became a worshipper of Lugonu the Unformed
   399 | D:1      | Reached * piety under Lugonu
   399 | D:1      | Reached ** piety under Lugonu
   400 | D:1      | Fell from the grace of Lugonu
   658 | D:1      | Reached skill level 4 in Shields
   658 | D:1      | Reached XP level 3. HP: 24/29 MP: 3/3
   833 | D:1      | Noticed a small abomination
   833 | D:1      | Cast into level 1 of the Abyss (Lugonu's touch)
   845 | Abyss:1  | Noticed an efreet
   847 | Abyss:1  | Mangled by an efreet

Illustrated notes

Levels and vault maps discovered:
D:1:      minmay_arrival_diagonal_passages, layout_basic,
          shapermc_ecumenical_altar_mp_vishouse, serial_forest,
          infiniplex_forest_lined_room_3, infiniplex_forest_lined_ring,
          infiniplex_forest_clump_tiny, infiniplex_forest_lined_3_way,
          infiniplex_forest_straight_2, infiniplex_forest_3_way,
          infiniplex_forest_lined_corner, minmay_misc_feat_more_columns
Abyss:1:  base:
D:1

Skill      XL: |  1  2 |
---------------+-------+-----
Shields        | 4 |  4.0
Fighting       | |  3.6
Axes           | |  2.5
Armour         | |  3.6

Action                   || total
-------------------------++-------
Melee: War axe           ||    51
Invok: Renounce Religion ||     1
Armor: Scale mail        ||    16
Dodge: Dodged            ||    21
Block: Buckler           ||    16
